 Dungeon Crawl Stone Soup version 0.22-a0-525-gf69a080 (webtiles) character file.

3374 CougarLife the Blocker (level 10, -4/80 HPs)
             Began as a Gnoll Fighter on June 21, 2018.
             Was an Initiate of Okawaru.
             Killed by divine providence
             ... invoked by an orc priest
              (14 damage)
             ... on level 7 of the Dungeon.
             The game lasted 00:07:25 (6390 turns).

CougarLife the Blocker (Gnoll Fighter)              Turns: 6390, Time: 00:07:25

Health: -4/80      AC:  9    Str: 26    XL:     10   Next: 3%
Magic:  15/17      EV: 12    Int: 11    God:    Okawaru [......]
Gold:   363        SH: 12    Dex: 15    Spells: 18/18 levels left

rFire    . . .     SeeInvis .   a - +0 war axe
rCold    . . .     Gourm    .   c - +0 shield
rNeg     . . .     Faith    .   b - +0 scale mail
rPois    .         Spirit   .   w - +0 helmet
rElec    .         Reflect  .   (no cloak)
rCorr    .         Harm     .   (no gloves)
MR       .....                  (no boots)
Stlth    ++........             (no amulet)
HPRegen  0.23/turn              (no ring)
MPRegen  0.15/turn              (no ring)

@: mighty
A: distributed training, fangs 1, strong nose
a: Renounce Religion


You were on level 7 of the Dungeon.
You worshipped Okawaru.
Okawaru was noncommittal.
You were not hungry.

You visited 2 branches of the dungeon, and saw 8 of its levels.
You also visited: Sewer.

You collected 363 gold pieces.

Inventory:

Hand Weapons
 a - a +0 war axe (weapon)
Armour
 b - a +0 scale mail (worn)
 c - a +0 shield (worn)
 w - a +0 helmet (worn)
Jewellery
 k - an uncursed ring of protection from fire {unknown}
 l - a +4 ring of dexterity {unknown}
 D - a +3 ring of intelligence {unknown}
 E - an uncursed amulet of harm {unknown}
Wands
 x - a wand of scattershot (5)
Scrolls
 e - 3 scrolls of enchant weapon {unknown}
 n - 10 scrolls of identify {unknown}
 o - 5 scrolls of remove curse {unknown}
 p - 5 scrolls of blinking {unknown}
 t - 4 scrolls of teleportation {unknown}
 y - 3 scrolls of fear {unknown}
 A - 2 scrolls of amnesia {unknown}
 B - a scroll of magic mapping {unknown}
 C - a scroll of immolation {unknown}
Potions
 g - a potion of brilliance {unknown}
 h - a potion of invisibility {unknown}
 i - 3 potions of berserk rage {unknown}
 j - 2 potions of flight {unknown}
 m - 4 potions of lignification {unknown}
 q - 3 potions of curing {unknown}
 r - a potion of agility {unknown}
 s - 3 potions of haste {unknown}
 u - a potion of mutation {unknown}
 v - a potion of heal wounds {unknown}
 z - 2 potions of degeneration {unknown}
Comestibles
 f - 13 rations


   Skills:
 + Level 8.2 Fighting
 + Level 4.7 Short Blades
 + Level 4.7 Long Blades
 + Level 6.7 Axes
 + Level 4.7 Maces & Flails
 + Level 4.7 Polearms
 + Level 4.7 Staves
 + Level 4.7 Slings
 + Level 4.7 Bows
 + Level 4.7 Crossbows
 + Level 4.7 Throwing
 + Level 8.2 Armour
 + Level 4.7 Dodging
 + Level 4.7 Stealth
 + Level 8.2 Shields
 + Level 4.7 Unarmed Combat
 + Level 4.7 Spellcasting
 + Level 3.9 Conjurations
 + Level 3.9 Hexes
 + Level 3.9 Charms
 + Level 3.9 Summonings
 + Level 3.9 Necromancy
 + Level 3.9 Translocations
 + Level 3.9 Transmutations
 + Level 3.9 Fire Magic
 + Level 3.9 Ice Magic
 + Level 3.9 Air Magic
 + Level 3.9 Earth Magic
 + Level 3.9 Poison Magic
 + Level 5.2 Invocations
 + Level 4.7 Evocations


You had 18 spell levels left.
You didn't know any spells.
Your spell library was empty.

Dungeon Overview and Level Annotations

Branches:
Dungeon (7/15)             Temple (1/1) D:7

Altars:
Ashenzari
Cheibriados
Dithmenos
Elyvilon
Fedhas
Gozag
Hepliaklqana
Kikubaaqudgha
Nemelex Xobeh
Okawaru
Qazlal
Ru
Sif Muna
Trog
Uskayaw
Vehumet
Wu Jian
Xom
Yredelemnul
Zin
The Shining One

Shops:
D:5 :


Innate Abilities, Weirdness & Mutations

Your experience applies equally to all skills.
You have very sharp teeth.
Your uncanny sense of smell can sniff out nearby items.


Message History

You block the slave's attack. The slave hits you.
* * * LOW HITPOINT WARNING * * *
The orc shouts!
You slash Pikel!
You kill Pikel!
Okawaru accepts your kill.
You have reached level 10!
You closely miss the slave.
With Pikel's spell broken, the former slaves thank you for their freedom.
The orc hits the freed slave with a club.
The freed slave dies!
The freed slave hits the orc.
The orc priest miscasts a cantrip.
You slash the orc!
You kill the orc!
The orc hits the freed slave but does no damage.
The freed slave hits the orc.
The orc priest invokes the aid of Beogh against you.
Beogh smites you!
You die...

#.......##.##.#.≈.≈.#
#..(....##.##.#≈.≈.≈.
.
...>.>.........#...##
#. .###..#.#.<....#.≈
#. #.. #..#.#.###.##.
#. #...###..#.#.#
#.## #.
.........#.#.# #..#
#. ...........#.#
#### #.
....o..@..##.######
#.
.....#.p..........#
#. ..# #po####.######
#. #op# #.# #. ....#
#.# ∆ .. ...... ...
.. ###.... ... ..
..... ..... .. .....
#.


You could see an orc priest, 2 orcs and 3 neutral freed slaves.

Vanquished Creatures
  Pikel (D:7)
  A troll (D:7)
  The ghost of garrulousMonolith the Shield-Bearer, an amateur GnFi (D:4)
  Grinder (D:3)
  Sigmund (D:2)
  3 sky beasts
  An orc warrior (D:6)
  A phantom (D:5)
  2 ogres
  2 centaurs
  4 big kobolds (Sewer)
  2 scorpions
  3 wights (D:7)
  2 howler monkeys (D:5)
  4 crimson imps
  A jelly (D:7)
  A hound (D:6)
  A centaur skeleton (D:5)
  An orc priest (D:3)
  Ijyb (D:4)
  2 iguanas
  4 worker ants
  A hound zombie (D:5)
  2 hound skeletons
  A worker ant zombie (D:3)
  A gnoll (D:3)
  13 adders
  2 river rats (Sewer)
  4 shadow imps
  5 oozes
  An adder zombie (D:3)
  2 adder skeletons
  5 worms
  2 dart slugs
  7 leopard geckos
  13 orcs
  14 bats
  6 giant cockroaches
  5 goblins (D:1)
  3 hobgoblins
  12 jackals
  3 quokkas
  6 ball pythons
  4 frilled lizards
  A jackal skeleton (D:3)
  8 kobolds
  A leopard gecko zombie (D:5)
  7 rats
169 creatures vanquished.

Vanquished Creatures (others)
  A slave (D:7)
1 creature vanquished.

Grand Total: 170 creatures vanquished

Notes
Turn   | Place    | Note
-------+----------+-------------------------------------------
     0 | D:1      | CougarLife the Gnoll Fighter began the quest for the Orb.
     0 | D:1      | Reached XP level 1. HP: 23/23 MP: 1/1
     6 | D:1      | Noticed a swamp drake
     6 | D:1      | Noticed a crocodile
     6 | D:1      | Noticed a hog
     6 | D:1      | Noticed a killer bee
     6 | D:1      | Noticed a black bear
    59 | D:1      | Reached XP level 2. HP: 27/29 MP: 2/2
   273 | D:1      | Reached XP level 3. HP: 35/35 MP: 3/3
   712 | D:2      | Reached skill level 1 in Invocations
   936 | D:2      | Found a stormy altar of Qazlal.
  1053 | D:2      | Noticed Sigmund
  1067 | D:2      | Killed Sigmund
  1067 | D:2      | Reached skill level 1 in Short Blades
  1067 | D:2      | Reached skill level 1 in Long Blades
  1067 | D:2      | Reached skill level 1 in Maces & Flails
  1067 | D:2      | Reached skill level 1 in Polearms
  1067 | D:2      | Reached skill level 1 in Staves
  1067 | D:2      | Reached skill level 1 in Slings
  1067 | D:2      | Reached skill level 1 in Bows
  1067 | D:2      | Reached skill level 1 in Crossbows
  1067 | D:2      | Reached skill level 1 in Throwing
  1067 | D:2      | Reached skill level 1 in Dodging
  1067 | D:2      | Reached skill level 1 in Stealth
  1067 | D:2      | Reached skill level 1 in Unarmed Combat
  1067 | D:2      | Reached skill level 1 in Spellcasting
  1067 | D:2      | Reached skill level 1 in Conjurations
  1067 | D:2      | Reached skill level 1 in Hexes
  1067 | D:2      | Reached skill level 1 in Charms
  1067 | D:2      | Reached skill level 1 in Summonings
  1067 | D:2      | Reached skill level 1 in Necromancy
  1067 | D:2      | Reached skill level 1 in Translocations
  1067 | D:2      | Reached skill level 1 in Transmutations
  1067 | D:2      | Reached skill level 1 in Fire Magic
  1067 | D:2      | Reached skill level 1 in Ice Magic
  1067 | D:2      | Reached skill level 1 in Air Magic
  1067 | D:2      | Reached skill level 1 in Earth Magic
  1067 | D:2      | Reached skill level 1 in Poison Magic
  1067 | D:2      | Reached skill level 1 in Evocations
  1067 | D:2      | Reached XP level 4. HP: 28/41 MP: 4/6
  1067 | D:2      | Reached XP level 5. HP: 32/47 MP: 4/7
  1303 | D:3      | Reached XP level 6. HP: 53/53 MP: 8/8
  1615 | D:3      | Reached skill level 5 in Axes
  1671 | D:3      | Noticed Grinder
  1702 | D:3      | Killed Grinder
  1702 | D:3      | Reached XP level 7. HP: 27/60 MP: 8/10
  2415 | D:4      | Noticed Ijyb
  2429 | D:4      | Killed Ijyb
  2650 | D:4      | Found a glowing drain.
  2681 | Sewer    | Entered a sewer
  2926 | Sewer    | Reached XP level 8. HP: 58/67 MP: 12/12
  3509 | D:4      | Found a runed door.
  3509 | D:4      | Noticed garrulousMonolith's ghost (amateur GnFi)
  3543 | D:4      | Killed garrulousMonolith's ghost
  3704 | D:5      | Entered Level 5 of the Dungeon
  3880 | D:5      | Found a sparkling altar of Nemelex Xobeh.
  3909 | D:5      | Reached XP level 9. HP: 31/72 MP: 14/14
  4137 | D:5      | Found Xeyloare's Book Shop.
  4843 | D:6      | Found a glowing golden altar of the Shining One.
  4856 | D:6      | Found a stormy altar of Qazlal.
  5780 | D:7      | Found a staircase to the Ecumenical Temple.
  5805 | D:7      | Noticed a troll
  5809 | Temple   | Entered the Ecumenical Temple
  5815 | Temple   | Became a worshipper of Warmaster Okawaru
  6004 | D:7      | Killed a troll
  6011 | D:7      | Reached skill level 5 in Invocations
  6377 | D:7      | Noticed Pikel
  6389 | D:7      | Killed Pikel
  6389 | D:7      | Reached XP level 10. HP: 10/80 MP: 15/17
  6390 | D:7      | Killed from afar by an orc priest

Vault maps used:
D:1:      onia_arrival_zoo_common
D:2:      nicolae_qazlal_eye_of_the_storm, uniq_sigmund
D:3:      wad_crossroads, serial_undead, serial_undead_b, serial_undead_f,
          serial_undead_e, serial_undead_b, kennysheep_generic_room_13,
          uniq_grinder
D:4:      gammafunk_ghost_grave, first_ration, cheibrodos_sewer_entry_bend,
          uniq_ijyb
D:5:      nemelex_xobeh_ov_fountains_minmay, serial_shops, shop,
          roderic_filled_cross, hangedman_decor_riveting
D:6:      grunt_temple_overflow_open, kennysheep_small_spiral
D:7:      lemuel_doored_altar, minmay_temple_entry_junction,
          nicolae_ru_path_of_blood, uniq_pikel
Temple:   eino_narrow_crystal_temple
Sewer:    sewer_co_tree

Skill      XL: |  1  2  3  4  5  6  7  8  9 |
---------------+----------------------------+-----
Invocations    | 1 2 3 4 5 |  5.2
Short Blades   | 1 2 3 4 |  4.7
Long Blades    | 1 2 3 4 |  4.7
Maces & Flails | 1 2 3 4 |  4.7
Polearms       | 1 2 3 4 |  4.7
Staves         | 1 2 3 4 |  4.7
Slings         | 1 2 3 4 |  4.7
Bows           | 1 2 3 4 |  4.7
Crossbows      | 1 2 3 4 |  4.7
Throwing       | 1 2 3 4 |  4.7
Dodging        | 1 2 3 4 |  4.7
Stealth        | 1 2 3 4 |  4.7
Unarmed Combat | 1 2 3 4 |  4.7
Spellcasting   | 1 2 3 4 |  4.7
Conjurations   | 1 2 3 |  3.9
Hexes          | 1 2 3 |  3.9
Charms         | 1 2 3 |  3.9
Summonings     | 1 2 3 |  3.9
Necromancy     | 1 2 3 |  3.9
Translocations | 1 2 3 |  3.9
Transmutations | 1 2 3 |  3.9
Fire Magic     | 1 2 3 |  3.9
Ice Magic      | 1 2 3 |  3.9
Air Magic      | 1 2 3 |  3.9
Earth Magic    | 1 2 3 |  3.9
Poison Magic   | 1 2 3 |  3.9
Evocations     | 1 2 3 4 |  4.7
Axes           | 5 6 |  6.7
Fighting       | 7 8 |  8.2
Armour         | 7 8 |  8.2
Shields        | 7 8 |  8.2

Action                   |  1- 3 |  4- 6 |  7- 9 | 10-12 || total
-------------------------+-------+-------+-------+-------++-------
Melee: War axe           |    85 |    95 |   529 |     1 ||   710
       Bite              |     4 |     8 |    73 |       ||    85
  Use: Potion            |       |       |     2 |       ||     2
 Stab: Sleeping          |       |       |     1 |       ||     1
  Eat: Chunk             |     1 |     2 |    16 |       ||    19
Armor: Scale mail        |    32 |    35 |   165 |       ||   232
Dodge: Dodged            |    26 |    29 |   192 |       ||   247
Block: Shield            |    46 |    59 |   319 |       ||   424

Table legend:
 A = Spawn XP
 B = Non-spawn XP
 C = Spawn XP percentage of total XP
 D = Spawn monster count
 E = Non-spawn monster count
 F = Spawn count percentage of total count
 G = Total turns spent on level
                    A         B        C        D         E        F      G
               +---------+---------+-------+---------+---------+-------+---------
         Total |       0 |    4821 |   0.0 |       0 |     169 |   0.0 |  6390
               +---------+---------+-------+---------+---------+-------+---------
           D:1 |       0 |      40 |   0.0 |       0 |      23 |   0.0 |   499
           D:2 |       0 |     272 |   0.0 |       0 |       8 |   0.0 |   788
           D:3 |       0 |     472 |   0.0 |       0 |      37 |   0.0 |  1110
           D:4 |       0 |     725 |   0.0 |       0 |      27 |   0.0 |   716
           D:5 |       0 |     904 |   0.0 |       0 |      18 |   0.0 |   859
           D:6 |       0 |     580 |   0.0 |       0 |      15 |   0.0 |   899
           D:7 |       0 |    1307 |   0.0 |       0 |      13 |   0.0 |   688
         Sewer |       0 |     521 |   0.0 |       0 |      28 |   0.0 |   640
               +---------+---------+-------+---------+---------+-------+---------
